AoeStats
← NDF

Lombardia

509229460Analyzed
2v2 RM · 6d ago on Sep 26, 2026· 24m 7s· 4 players
Game mode
Random Map
Map size
Medium (4 player)
Population
200
Speed
Normal
Resources
Standard
Victory
Conquest
Starting age
Dark Age
Ending age
Imperial Age
RankedLock teamsTeams togetherTeam positionsShared explorationLock speedFull tech treeHidden civsTurbo modeCheats
Victory
Defeat
🇦🇷 Teutons · Argentina
705
+14
🇦🇷 Spanish · Argentina
690
+14
🇲🇽 Teutons · Mexico
675
-15
🇩🇪 Byzantines · Germany
626
-13
tails034
2:59 Loom
12:19 Feudal Age
15:09 Double-Bit Axe
18:30 Fletching
19:15 Horse Collar
19:50 Gold Mining
krol.m
0:36 Loom
11:46 Feudal Age
estebanpa
4:51 Loom
12:10 Feudal Age
12:42 Man-at-Arms
15:09 Horse Collar
20:51 Gold Mining
21:04 Stone Mining
23:18 Castle Age
22:08 Double-Bit Axe
22:35 Scale Barding Armor
24:34 Bow Saw
24:28 Heavy Plow
NDF
2:59 Loom
14:01 Feudal Age
14:46 Man-at-Arms
21:17 Castle Age
19:07 Horse Collar
19:42 Double-Bit Axe
20:51 Gold Mining
23:23 Bow Saw
Connection lost

Rejoining the realm…

Still unreachable

The connection could not be restored.

Session expired

The server has moved on; the page needs a fresh start.